PIO
BILLINGS MUSTANGS @ MISSOULA OSPREY
07/27/2099
 
TOP OF THE 1ST
Billings Mustangs batting - Pitching for Missoula Osprey : RHP Donovan Augst
Pitching: RHP Donovan Augst
Batting: RHB Austin Sabatini 0-0: Swinging Strike
0-1: Fly out, F8 (Flyball, 89M, EV 90.0 MPH)
Batting: SHB Luis Ortega 0-0: Ball
1-0: Fly out, F2 (Popup, 2LF, EV 90.6 MPH)
Batting: LHB Jon Rangel 0-0: Foul Ball, location: 3F
0-1: SINGLE (Line Drive, 8LS, EV 98.8 MPH)
Batting: SHB Matt Siegler 0-0: Ball
1-0: Ball
2-0: Foul Ball, location: 2F
2-1: Ball
3-1: Called Strike
3-2: Fly out, F9 (Line Drive, 9S, EV 95.0 MPH)
Top of the 1st over - 0 runs, 1 hit, 0 errors, 1 left on base; Billings 0 - Missoula 0
BOTTOM OF THE 1ST
Missoula Osprey batting - Pitching for Billings Mustangs : LHP Will Malone
Pitching: LHP Will Malone
Batting: RHB John Hudson 0-0: Fly out, F7 (Flyball, 7LM, EV 96.3 MPH)
Batting: RHB Matt Ades 0-0: Called Strike
0-1: Ball
1-1: Foul Ball, location: 2F
1-2: Foul Ball, location: 3FF
1-2: Ball
2-2: Ball
3-2: Strikes out swinging
Batting: RHB Tom Musgrave 0-0: Ground out 5-3 (Groundball, 56S, EV 91.9 MPH)
Bottom of the 1st over - 0 runs, 0 hits, 0 errors, 0 left on base; Billings 0 - Missoula 0
TOP OF THE 2ND
Billings Mustangs batting - Pitching for Missoula Osprey : RHP Donovan Augst
Batting: RHB Danny Pentland 0-0: Called Strike
0-1: Foul Ball, location: 3SF
0-2: Foul Ball, location: 9LMF
0-2: SINGLE (Flyball, 78S, EV 95.0 MPH)
Batting: SHB David Squire 0-0: Called Strike
0-1: Ball
1-1: Ball
2-1: Ball
3-1: Fly out, F7 (Flyball, 7, EV 87.5 MPH)
Batting: RHB Jason Jackson 0-0: Foul Ball, location: 9LSF
0-1: Ground out 6-3 (Groundball, 6, EV 81.3 MPH)
Danny Pentland to second
Batting: RHB Craig Laxton 0-0: Ball
1-0: Foul Ball, location: 5F
1-1: Swinging Strike
1-2: Foul Ball, location: 9LMF
1-2: Ball
2-2: Strikes out swinging
Top of the 2nd over - 0 runs, 1 hit, 0 errors, 1 left on base; Billings 0 - Missoula 0
BOTTOM OF THE 2ND
Missoula Osprey batting - Pitching for Billings Mustangs : LHP Will Malone
Batting: RHB Nate Van Diepen 0-0: Ball
1-0: Swinging Strike
1-1: Called Strike
1-2: Strikes out swinging
Batting: RHB Mario Mora 0-0: SINGLE (Groundball, 4MD, EV 108.8 MPH)
Batting: RHB John Stringfellow 0-0: Ball
1-0: Fly out, F7 (Flyball, 7D, EV 98.8 MPH)
Batting: RHB Josh McGarry 0-0: Ball
1-0: Swinging Strike
1-1: Foul Ball, location: 2F
1-2: Ball
2-2: Foul Ball, location: 9LDF
2-2: SINGLE (Groundball, 56S, EV 67.5 MPH) (infield hit)
Mario Mora to second
Batting: RHB Danny Kovach 0-0: Called Strike
0-1: 3-RUN HOME RUN (Flyball, 89XD, EV 99.4 MPH), Distance : 389 ft
Batting: RHB Emilio Cardenas 0-0: Fly out, F5 (Popup, 5F, EV 56.3 MPH)
Bottom of the 2nd over - 3 runs, 3 hits, 0 errors, 0 left on base; Billings 0 - Missoula 3
TOP OF THE 3RD
Billings Mustangs batting - Pitching for Missoula Osprey : RHP Donovan Augst
Batting: LHB Kurt Villarreal 0-0: Ball
1-0: Fly out, F8 (Flyball, 8LS, EV 95.0 MPH)
Batting: RHB Austin Sabatini 0-0: Called Strike
0-1: Ball
1-1: Swinging Strike
1-2: Strikes out swinging
Batting: SHB Luis Ortega 0-0: Ball
1-0: Ball
2-0: Swinging Strike
2-1: Ball
3-1: Base on Balls
Batting: LHB Jon Rangel 0-0: Ball
1-0: Ball
2-0: Called Strike
Balk!
Luis Ortega to second
2-1: Ball
3-1: SINGLE (Line Drive, 34D, EV 110.0 MPH)
Luis Ortega to third
Runner from 3rd tries for Home, throw by RF and OUT! 9-2
Top of the 3rd over - 0 runs, 1 hit, 0 errors, 1 left on base; Billings 0 - Missoula 3
BOTTOM OF THE 3RD
Missoula Osprey batting - Pitching for Billings Mustangs : LHP Will Malone
Now at 3B: Cody Allison
Batting: RHB John Hudson 0-0: SINGLE (Line Drive, 9LS, EV 100.0 MPH)
Batting: RHB Matt Ades 0-0: Foul Ball, location: 9LMF
0-1: DOUBLE (Flyball, 9LD, EV 95.6 MPH)
John Hudson to third
Batting: RHB Tom Musgrave 0-0: Ball
1-0: Ball
2-0: Swinging Strike
2-1: Foul Ball, location: 2F
2-2: Ball
3-2: Foul Ball, location: 2F
3-2: Base on Balls
Batting: RHB Nate Van Diepen 0-0: Ball
1-0: Ball
2-0: Foul Ball, location: 9LSF
2-1: Ball
3-1: SINGLE (Groundball, 56D, EV 105.6 MPH)
John Hudson scores
Matt Ades to third
Tom Musgrave to second
Batting: RHB Mario Mora 0-0: Called Strike
0-1: Foul Ball, location: 9LSF
0-2: Ball
1-2: SINGLE (Flyball, 34D, EV 95.0 MPH)
Matt Ades scores
Tom Musgrave to third
Nate Van Diepen to second
Pitching: LHP Jesus Cordero
Batting: RHB John Stringfellow 0-0: Fly out, F9 (Flyball, 9D, EV 93.1 MPH)
Runner from 3rd tags up, SCORES, throw by RF
Nate Van Diepen to third
Batting: RHB Josh McGarry 0-0: Swinging Strike
0-1: Ball
1-1: Ball
2-1: Foul Ball, location: 2F
2-2: SINGLE (Line Drive, 8RS, EV 106.3 MPH)
Nate Van Diepen scores
Mario Mora to second
Batting: RHB Danny Kovach 0-0: Fly out, F7 (Flyball, 78XD, EV 83.8 MPH)
Batting: RHB Emilio Cardenas 0-0: Foul Ball, location: 2F
0-1: Swinging Strike
0-2: Foul Ball, location: 2F
0-2: Ball
1-2: Fielders Choice at 2nd, 5-4 (Groundball, 56, EV 80.6 MPH)
Bottom of the 3rd over - 4 runs, 5 hits, 0 errors, 2 left on base; Billings 0 - Missoula 7
TOP OF THE 4TH
Billings Mustangs batting - Pitching for Missoula Osprey : RHP Donovan Augst
Batting: SHB Matt Siegler 0-0: Called Strike
0-1: Swinging Strike
0-2: Strikes out swinging, 2-3 out at first.
Batting: RHB Danny Pentland 0-0: Called Strike
0-1: Foul Ball, location: 3SF
0-2: Foul Ball, location: 3FF
0-2: Ball
1-2: Hit by Pitch
Batting: SHB David Squire 0-0: Ball
Danny Pentland steals 2nd base
1-0: Ball
Wild Pitch!
Danny Pentland to third
2-0: Called Strike
2-1: Ball
3-1: Called Strike
3-2: Base on Balls
Batting: RHB Jason Jackson 0-0: Fly out, F9 (Line Drive, 89M, EV 98.1 MPH)
Runner from 3rd tags up, SCORES, throw by RF
Batting: RHB Craig Laxton 0-0: Ground out 4-3 (Groundball, 4, EV 90.0 MPH)
Top of the 4th over - 1 run, 0 hits, 0 errors, 1 left on base; Billings 1 - Missoula 7
BOTTOM OF THE 4TH
Missoula Osprey batting - Pitching for Billings Mustangs : LHP Jesus Cordero
Batting: RHB John Hudson 0-0: Ball
1-0: SINGLE (Groundball, 34D, EV 108.8 MPH)
Batting: RHB Matt Ades 0-0: Ball
1-0: Ball
2-0: Called Strike
2-1: Foul Ball, location: 2F
2-2: SINGLE (Groundball, 6MD, EV 83.1 MPH) (infield hit)
John Hudson to second
Batting: RHB Tom Musgrave 0-0: Swinging Strike
0-1: Grounds into double play, 5-4-3 (Groundball, 56, EV 103.1 MPH)
John Hudson to third
Batting: RHB Nate Van Diepen 0-0: Ground out U3 (Groundball, 3, EV 90.6 MPH)
Bottom of the 4th over - 0 runs, 2 hits, 0 errors, 1 left on base; Billings 1 - Missoula 7
TOP OF THE 5TH
Billings Mustangs batting - Pitching for Missoula Osprey : RHP Donovan Augst
Batting: LHB Kurt Villarreal 0-0: Fly out, F8 (Line Drive, 8RM, EV 85.0 MPH)
Batting: RHB Austin Sabatini 0-0: Foul Ball, location: 9LSF
0-1: Swinging Strike
0-2: Ball
1-2: Ball
2-2: Foul Ball, location: 2F
2-2: Ball
3-2: Strikes out swinging
Batting: RHB Cody Allison 0-0: Foul Ball, location: 2F
0-1: SINGLE (Line Drive, 4MD, EV 95.6 MPH)
Batting: LHB Jon Rangel 0-0: Ball
1-0: Fly out, F8 (Flyball, 8RXD, EV 97.5 MPH)
Top of the 5th over - 0 runs, 1 hit, 0 errors, 1 left on base; Billings 1 - Missoula 7
BOTTOM OF THE 5TH
Missoula Osprey batting - Pitching for Billings Mustangs : LHP Jesus Cordero
Batting: RHB Mario Mora 0-0: Ball
1-0: DOUBLE (Line Drive, 78M, EV 91.3 MPH)
Batting: RHB John Stringfellow 0-0: Fly out, F4 (Popup, 34, EV 60.6 MPH)
Batting: RHB Josh McGarry 0-0: Ground out 4-3 (Groundball, 4MD, EV 96.9 MPH)
Batting: RHB Danny Kovach 0-0: Ball
1-0: Ball
2-0: Called Strike
2-1: Called Strike
2-2: Fly out, F8 (Flyball, 8LD, EV 81.9 MPH)
Bottom of the 5th over - 0 runs, 1 hit, 0 errors, 1 left on base; Billings 1 - Missoula 7
TOP OF THE 6TH
Billings Mustangs batting - Pitching for Missoula Osprey : RHP Donovan Augst
Batting: SHB Matt Siegler 0-0: Ground out 4-3 (Groundball, 4, EV 86.9 MPH)
Batting: RHB Danny Pentland 0-0: Called Strike
0-1: Foul Ball, location: 23F
0-2: Fly out, F2 (Popup, 25F, EV 83.1 MPH)
Batting: SHB David Squire 0-0: Foul Ball, location: 2F
0-1: Fly out, F8 (Flyball, 89M, EV 90.0 MPH)
Top of the 6th over - 0 runs, 0 hits, 0 errors, 0 left on base; Billings 1 - Missoula 7
BOTTOM OF THE 6TH
Missoula Osprey batting - Pitching for Billings Mustangs : LHP Jesus Cordero
Batting: RHB Emilio Cardenas 0-0: Ball
1-0: Called Strike
1-1: Called Strike
1-2: Foul Ball, location: 9LDF
1-2: Ball
2-2: Ball
3-2: Foul Ball, location: 9LMF
3-2: Foul Ball, location: 2F
3-2: Strikes out swinging
Batting: RHB John Hudson 0-0: Fly out, F9 (Flyball, 9D, EV 103.1 MPH)
Batting: RHB Matt Ades 0-0: Ball
1-0: Ball
2-0: Ball
3-0: Called Strike
3-1: Swinging Strike
3-2: SINGLE (Flyball, 9S, EV 86.3 MPH) - OUT at second base trying to stretch hit.
Bottom of the 6th over - 0 runs, 1 hit, 0 errors, 0 left on base; Billings 1 - Missoula 7
TOP OF THE 7TH
Billings Mustangs batting - Pitching for Missoula Osprey : RHP Donovan Augst
Pitching: RHP Matt Howell
Batting: RHB Jason Jackson 0-0: Called Strike
0-1: DOUBLE (Line Drive, 7LM, EV 105.0 MPH)
Batting: RHB Craig Laxton 0-0: Ball
1-0: Ball
2-0: Ball
3-0: Called Strike
3-1: Foul Ball, location: 2F
3-2: Strikes out looking
Batting: LHB Kurt Villarreal 0-0: Ball
1-0: Swinging Strike
1-1: Called Strike
1-2: Ball
2-2: Ball
3-2: Strikes out swinging
Pinch Hitting: LHB Phil Jones 0-0: Foul Ball, location: 5SF
0-1: Ball
1-1: Called Strike
1-2: Foul Ball, location: 3SF
1-2: Foul Ball, location: 2F
1-2: Ball
2-2: Strikes out swinging
Top of the 7th over - 0 runs, 1 hit, 0 errors, 1 left on base; Billings 1 - Missoula 7
BOTTOM OF THE 7TH
Missoula Osprey batting - Pitching for Billings Mustangs : LHP Jesus Cordero
Pitching: RHP Cesar Cepeda
Now in CF: William Hardin
Batting: RHB Tom Musgrave 0-0: Called Strike
0-1: Fly out, F3 (Popup, 23F, EV 86.9 MPH)
Batting: RHB Nate Van Diepen 0-0: Swinging Strike
0-1: Ball
1-1: Ground out U3 (Groundball, 34, EV 86.3 MPH)
Batting: RHB Mario Mora 0-0: Foul Ball, location: 2F
0-1: Ball
1-1: Called Strike
1-2: Foul Ball, location: 25F
1-2: Foul Ball, location: 2RF
1-2: Ball
2-2: Ball
3-2: DOUBLE (Line Drive, 9LS, EV 105.0 MPH)
Batting: RHB John Stringfellow 0-0: Called Strike
0-1: Foul Ball, location: 2F
0-2: Strikes out looking
Bottom of the 7th over - 0 runs, 1 hit, 0 errors, 1 left on base; Billings 1 - Missoula 7
TOP OF THE 8TH
Billings Mustangs batting - Pitching for Missoula Osprey : RHP Matt Howell
Batting: RHB Cody Allison 0-0: Ball
1-0: Called Strike
1-1: Ball
2-1: Swinging Strike
2-2: Foul Ball, location: 2F
2-2: Hit by Pitch
Batting: LHB Jon Rangel 0-0: Called Strike
0-1: SINGLE (Line Drive, 56D, EV 103.8 MPH)
Cody Allison to second
Batting: SHB Matt Siegler 0-0: Called Strike
0-1: Foul Ball, location: 2F
0-2: Ball
1-2: SINGLE (Line Drive, 3D, EV 97.5 MPH)
Cody Allison to third
Jon Rangel to second
Batting: LHB Antonio Pagan 0-0: Called Strike
0-1: Foul Ball, location: 7LMF
0-2: Ball
1-2: Fly out, F7 (Line Drive, 78M, EV 92.5 MPH)
Batting: SHB David Squire 0-0: Called Strike
0-1: Ball
1-1: Ball
2-1: Swinging Strike
2-2: Foul Ball, location: 25FF
2-2: Ball
3-2: Base on Balls
Cody Allison scores
Jon Rangel to third
Matt Siegler to second
Pitching: RHP Kevin Boles
Batting: RHB Jason Jackson 0-0: Foul Ball, location: 3F
0-1: Foul Ball, location: 2F
0-2: Fly out, F8 (Flyball, 8RXD, EV 110.0 MPH)
Runner from 3rd tags up, SCORES, no throw by CF
Batting: RHB Craig Laxton 0-0: Called Strike
0-1: Called Strike
0-2: Ball
1-2: Strikes out swinging
Top of the 8th over - 2 runs, 2 hits, 0 errors, 2 left on base; Billings 3 - Missoula 7
BOTTOM OF THE 8TH
Missoula Osprey batting - Pitching for Billings Mustangs : RHP Cesar Cepeda
Batting: RHB Josh McGarry 0-0: Called Strike
0-1: Swinging Strike
0-2: Ball
1-2: Ball
2-2: Fly out, F8 (Flyball, 8RXD, EV 100.6 MPH)
Batting: RHB Danny Kovach 0-0: Ball
1-0: Ball
2-0: Ground out U3 (Groundball, 34, EV 99.4 MPH)
Batting: RHB Emilio Cardenas 0-0: Ball
1-0: Foul Ball, location: 2F
1-1: Ball
2-1: DOUBLE (Line Drive, 9LM, EV 108.1 MPH)
Batting: RHB John Hudson 0-0: Called Strike
0-1: Ball
1-1: Ball
2-1: Ball
3-1: Swinging Strike
3-2: Foul Ball, location: 9LSF
3-2: Foul Ball, location: 2F
3-2: Fly out, F9 (Flyball, 9S, EV 75.6 MPH)
Bottom of the 8th over - 0 runs, 1 hit, 0 errors, 1 left on base; Billings 3 - Missoula 7
TOP OF THE 9TH
Billings Mustangs batting - Pitching for Missoula Osprey : RHP Kevin Boles
Now in LF: Nate Stombaugh
Batting: LHB Kurt Villarreal 0-0: Ball
1-0: Called Strike
1-1: Ball
2-1: SINGLE (Groundball, 4MD, EV 103.8 MPH)
Batting: LHB William Hardin 0-0: Called Strike
0-1: Ball
1-1: Ball
2-1: Foul Ball, location: 2F
2-2: Foul Ball, location: 7LMF
2-2: Foul Ball, location: 5SF
2-2: Fly out, F9 (Flyball, 9LM, EV 92.5 MPH)
Batting: RHB Cody Allison 0-0: Ball
1-0: 2-RUN HOME RUN (Flyball, 7LD, EV 96.3 MPH), Distance : 339 ft
Batting: LHB Jon Rangel 0-0: Foul Ball, location: 2F
0-1: Ball
1-1: Ball
2-1: Ground out 4-3 (Groundball, 34D, EV 84.4 MPH)
Batting: SHB Matt Siegler 0-0: Ball
1-0: Ball
2-0: Ball
3-0: Base on Balls
Batting: LHB Antonio Pagan 0-0: Called Strike
0-1: Swinging Strike
0-2: Ball
1-2: Foul Ball, location: 7LSF
1-2: Strikes out looking
Top of the 9th over - 2 runs, 2 hits, 0 errors, 1 left on base; Billings 5 - Missoula 7
Monday, May 13th , 2024 - OOTP Baseball 24.11 Build 85